 Dungeon Crawl Stone Soup version 0.27.1-2-g3b301248ec (webtiles) character file.

Game seed: 4869477677497097091

5770 barney the Transmogrifier (level 10, 0/117 HPs)
             Began as a Red Draconian Transmuter on Sept 28, 2021.
             Slain by a tengu warrior (12 damage)
             ... on level 9 of the Dungeon.
             The game lasted 00:24:50 (10541 turns).

barney the Transmogrifier (DrTm)                   Turns: 10541, Time: 00:24:50

Health: 0/117      AC: 25    Str: 14    XL:     10   Next: 49%
Magic:  9/13       EV:  2    Int: 16    God:
Gold:   538        SH:  0    Dex: 11    Spells: 3/13 levels left

rFire    . . .     SeeInvis .   c - +7 spear of Anxiety {vorpal, rElec rCorr}
rCold    . . .     Faith    .   (no shield)
rNeg     + + +     Spirit   .   (armour unavailable)
rPois    +         Reflect  .   (helmet currently unavailable)
rElec    +         Harm     .   (cloak currently unavailable)
rCorr    +         Rampage  .   (gloves currently unavailable)
Will     .....     NoTele   +   (boots currently unavailable)
Stlth    +.........             e - amulet of regeneration
HPRegen  1.29/turn              n - ring of resist corrosion
MPRegen  0.13/turn              (no ring)

@: tree-form
A: stationary, stasis, torment immunity, boosted hp, (breathe fire), AC +7,
unfitting armour, (fire resistance 1), (cold-blooded), (hooves 1), sense
surroundings 1, screaming 1
a: no special abilities


You were on level 9 of the Dungeon.
You were a tree.
You visited 2 branches of the dungeon, and saw 10 of its levels.

You collected 538 gold pieces.

Inventory:

Hand Weapons
 a - a +0 short sword
 c - the +7 spear of Anxiety (weapon) {vorpal, rElec rCorr}
   (You found it on level 6 of the Dungeon)

   It inflicts extra damage upon your enemies.
   rElec:     It insulates you from electricity.
   rCorr:     It protects you from acid and corrosion.
 j - a +2 whip of distortion
 o - a +1 dagger of electrocution
 s - a +2 falchion of pain
 v - a +1 whip of flaming
 z - a +0 dagger of chaos
Armour
 h - a +1 cloak (melded)
 D - a +2 pair of gloves (melded)
Magical Staves
 k - a staff of death
Jewellery
 e - an amulet of regeneration (around neck)
 n - a ring of resist corrosion (left branch)
Wands
 f - a wand of digging (8)
 t - a wand of polymorph (13)
 u - a wand of flame (22)
 y - a wand of mindburst (15)
Scrolls
 b - 5 scrolls of noise
 d - 7 scrolls of identify
 g - 3 scrolls of fog
 i - 3 scrolls of teleportation
 l - 3 scrolls of amnesia
 p - 2 scrolls of holy word
 r - 2 scrolls of vulnerability
Potions
 w - a potion of lignification


   Skills:
 + Level 4.1 Fighting
 + Level 3.8 Dodging
 * Level 8.1 Unarmed Combat
 - Level 2.0 Spellcasting
 + Level 4.2 Conjurations
 - Level 3.0 Summonings
 * Level 9.5 Transmutations
 - Level 3.1 Air Magic
 - Level 3.2 Poison Magic
 + Level 4.7 Evocations


You had 3 spell levels left.
You knew the following spells:

 Your Spells              Type           Power      Damage    Failure   Level
a - Beastly Appendage     Tmut           64%        N/A       1%          1
b - Spider Form           Tmut/Pois      11%        N/A       4%          3
c - Call Imp              Summ           11%        N/A       9%          2
d - Mephitic Cloud        Conj/Pois/Air  12%        N/A       14%         3
e - Magic Dart            Conj           60%        1d6       3%          1

Your spell library contained the following spells:

 Spells                   Type           Power      Damage    Failure   Level
 Wereblood                Tmut           32%        N/A       1%          2
 Ice Form                 Ice/Tmut       16%        N/A       28%         4


Dungeon Overview and Level Annotations

Branches:
Dungeon (9/15)             Temple (1/1) D:5
   Lair: D:8-11         Orc: D:9-12

Altars:
Ashenzari
Dithmenos
Elyvilon
Fedhas
Makhleb
Nemelex Xobeh
Okawaru
Qazlal
Ru
Sif Muna
Trog
Uskayaw
Vehumet
Wu Jian
Xom
Yredelemnul
Zin


Innate Abilities, Weirdness & Mutations

You are a tree.
Your roots penetrate the ground, keeping you stationary.
You cannot be teleported.
You are immune to unholy pain and torment.
Your maximum health is greatly increased.
Your equipment is partially melded.
((You can breathe blasts of fire.))
((Your fiery red scales are hard. (AC +7)))
You cannot fit into any form of body armour.
((Your flesh is heat resistant. (rF+)))
((You are cold-blooded and may be slowed by cold attacks.))
((You have large cloven feet.))
You passively map a small area around you.
You occasionally shout uncontrollably at your foes.


Message History

You hit the tengu warrior.
The tengu warrior looks as sick as possible!
The tengu warrior is lightly wounded.
The tengu warrior hits you with a +0 war axe!
* * * LOW HITPOINT WARNING * * *
The tengu warrior pecks you.
* * * LOW HITPOINT WARNING * * *
The tengu warrior completely misses you.
As you read the scroll of fear, it crumbles to dust.
You assume a fearsome visage.
The tengu warrior looks frightened!
You start resting.
A tengu warrior is nearby!
A tengu warrior is nearby!
A tengu warrior is nearby!
A tengu warrior is nearby!
The tengu warrior hits you with a +0 war axe!
The tengu warrior pecks you.
* * * LOW HITPOINT WARNING * * *
The tengu warrior barely misses you. The tengu warrior blocks your attack.
The tengu warrior is heavily wounded.
You closely miss the tengu warrior.
The tengu warrior is heavily wounded.
The tengu warrior hits you with a +0 war axe.
* * * LOW HITPOINT WARNING * * *
The tengu warrior pecks you.
* * * LOW HITPOINT WARNING * * *
The tengu warrior claws you.
* * * LOW HITPOINT WARNING * * *
Okay, then.
Really quaff the potion of lignification?
Your transformation has ended.
The +7 spear of Anxiety {vorpal, rElec rCorr} unmelds from your body.
Your +1 cloak unmelds from your body.
Your +2 pair of gloves unmelds from your body.
You turn into a tree.
Your +1 cloak melds into your body.
Your +2 pair of gloves melds into your body.
Your roots penetrate the ground.
The tengu warrior hits you with a +0 war axe!
You die...

#.(......(#####........
#.###'###.#.#.#.#######
#.# , #.##..#.#, # #.#
#.#...#.# # #.# *
#..#.#..+ * # #.# *
#.#..##.#, * # #.#, ,
#..#.##.#, #
#.#######.##.#..# *#
#....Q♣.......... , .
############..... ,
#######


You could see a tengu warrior (poisoned).

Vanquished Creatures
  Pikel (D:5)
  A cyclops (D:9)
  Joseph (D:7)
  Psyche (D:8)
  The ghost of JBAR the Cutter, a novice DsGl of Hepliaklqana (D:5)
  2 hornets
  A troll (D:9)
  Sigmund (D:5)
  10 yaks (D:9)
  A basilisk (D:9)
  2 water moccasins
  An orc warrior (D:9)
  An ice beast (D:6)
  A black bear (D:8)
  A necrophage (D:7)
  A phantom (D:5)
  A kobold brigand (D:9)
  2 bullfrogs
  A scorpion (D:6)
  2 killer bees
  8 wights
  A howler monkey (D:9)
  3 orc priests
  A centaur zombie (D:9)
  A bullfrog skeleton (D:7)
  2 iguanas
  A scorpion zombie (D:5)
  Terence (D:3)
  5 orc wizards
  3 gnolls (D:4)
  9 adders
  An ufetubus (D:6)
  4 worms
  3 dart slugs
  26 orcs
  7 endoplasms
  7 giant cockroaches
  7 goblins
  5 hobgoblins
  6 jackals
  7 quokkas
  12 ball pythons
  11 bats
  2 frilled lizards (D:1)
  11 kobolds
  7 rats
  A butterfly (D:6)
185 creatures vanquished.

Vanquished Creatures (collateral kills)
  An ogre (D:6)
  A scorpion (D:5)
2 creatures vanquished.

Vanquished Creatures (others)
  20 plants
20 creatures vanquished.

Grand Total: 207 creatures vanquished

Notes
Turn   | Place    | Note
-------+----------+-------------------------------------------
     0 | D:1      | barney the Draconian Transmuter began the quest for the
                  | Orb.
     0 | D:1      | Reached XP level 1. HP: 16/16 MP: 3/3
    82 | D:1      | You fall into a shaft and drop 1 floor!
    98 | D:2      | Reached XP level 2. HP: 12/23 MP: 3/5
   999 | D:2      | Reached skill level 3 in Transmutations
  1001 | D:2      | Reached XP level 3. HP: 28/28 MP: 3/6
  1005 | D:2      | Learned a level 3 spell: Spider Form
  1851 | D:1      | Reached XP level 4. HP: 35/35 MP: 7/7
  2025 | D:1      | Found a faded altar of an unknown god.
  2309 | D:3      | Found a white marble altar of Elyvilon.
  2329 | D:3      | Reached skill level 4 in Transmutations
  2624 | D:3      | Noticed Terence
  2647 | D:3      | Killed Terence
  2648 | D:3      | Reached XP level 5. HP: 17/40 MP: 5/8
  2937 | D:3      | Reached skill level 5 in Transmutations
  3263 | D:4      | Learned a level 2 spell: Call Imp
  3275 | D:4      | Reached XP level 6. HP: 29/47 MP: 6/9
  3841 | D:4      | Noticed a water moccasin
  3855 | D:4      | Killed a water moccasin
  3856 | D:4      | Reached skill level 1 in Summonings
  4309 | D:5      | Entered Level 5 of the Dungeon
  4380 | D:5      | Noticed Sigmund
  4390 | D:5      | Killed Sigmund
  4391 | D:5      | Reached skill level 6 in Transmutations
  4391 | D:5      | Reached skill level 1 in Evocations
  4391 | D:5      | Your scales start taking on a fiery red colour.
  4391 | D:5      | Reached XP level 7. HP: 52/52 MP: 7/10
  4391 | D:5      | Gained mutation: Your flesh is heat resistant. (rF+) [Red
                  | Draconian growth]
  4430 | D:5      | Reached skill level 5 in Unarmed Combat
  4521 | D:5      | Noticed Pikel
  4845 | D:5      | Learned a level 3 spell: Mephitic Cloud
  4852 | D:5      | Found a runed translucent gate.
  4852 | D:5      | Found a runed translucent gate.
  4853 | D:5      | Found a runed translucent gate.
  4854 | D:5      | Noticed JBAR's ghost (novice DsGl)
  4904 | D:5      | Killed Pikel
  4905 | D:5      | Reached skill level 1 in Conjurations
  4905 | D:5      | Reached skill level 1 in Air Magic
  4905 | D:5      | Reached skill level 1 in Poison Magic
  4905 | D:5      | Reached XP level 8. HP: 52/59 MP: 8/11
  5162 | D:5      | Found a staircase to the Ecumenical Temple.
  5512 | Temple   | Entered the Ecumenical Temple
  6076 | D:5      | Killed JBAR's ghost
  6077 | D:5      | Reached skill level 7 in Transmutations
  6259 | D:6      | Found a shimmering altar of Xom.
  6359 | D:6      | Found an iron altar of Okawaru.
  6377 | D:6      | Identified the +7 spear of Anxiety {vorpal, rElec rCorr}
  6433 | D:6      | Learned a level 1 spell: Beastly Appendage
  7359 | D:7      | Noticed Joseph
  7375 | D:7      | Killed Joseph
  7376 | D:7      | Reached XP level 9. HP: 35/64 MP: 6/12
  7622 | D:7      | Reached skill level 8 in Transmutations
  7777 | D:7      | Gained mutation: You occasionally shout uncontrollably at
                  | your foes. [potion of mutation]
  7777 | D:7      | Gained mutation: You have large cloven feet. [potion of
                  | mutation]
  7777 | D:7      | Gained mutation: You passively map a small area around you.
                  | [potion of mutation]
  8176 | D:8      | Paralysed by a hornet for 3 turns
  8614 | D:8      | Noticed Psyche
  8620 | D:8      | Killed Psyche
  8807 | D:8      | Paralysed by a hornet for 3 turns
  9458 | D:8      | Learned a level 1 spell: Magic Dart
  9788 | D:9      | Reached skill level 9 in Transmutations
  9801 | D:9      | Reached XP level 10. HP: 44/77 MP: 7/13
 10498 | D:9      | Noticed a cyclops
 10499 | D:9      | Noticed a tengu warrior
 10512 | D:9      | Killed a cyclops
 10541 | D:9      | Slain by a tengu warrior

Illustrated notes

Levels and vault maps discovered:
D:1:      lightli_arrival_flooded_house, layout_loops_cross,
          shapermc_ecumenical_altar_notcrosses, nrook_campfire
D:2:      kennysheep_six_static_rooms, layout_loops_ring
D:3:      layout_loops_ring, mainiacjoe_overflow_chevrons, minmay_pentangle,
          uniq_terence
D:4:      layout_loops_cross
D:5:      layout_basic, minmay_temple_entry_fiery, gammafunk_ghost_split,
          uniq_pikel, uniq_sigmund
D:6:      layout_loops_cross, xom_butterflies, okawaru_ov_weapons_minmay
D:7:      layout_loops_ring, uniq_joseph
D:8:      layout_loops_cross, kiku_gazebo_pond_becter, chequers_big_river,
          grunt_decor_arrowhead, uniq_psyche
D:9:      layout_loops_ring, gammafunk_temple_overflow_claw,
          ebering_ghost_inner_flame, small_statue_intersection,
          minmay_shattered_shrine
Temple:   zaba_magenta_temple

Skill      XL: |  1  2  3  4  5  6  7  8  9 10 |
---------------+-------------------------------+-----
Transmutations | 3 4 5 6 7 9 |  9.5
Unarmed Combat | 4 5 6 7 8 |  8.1
Summonings     | 1 2 3 |  3.0
Evocations     | 1 2 4 |  4.7
Conjurations   | 1 3 4 |  4.2
Air Magic      | 1 3 |  3.1
Poison Magic   | 1 3 |  3.2
Dodging        | 3 |  3.8
Fighting       | 3 4 |  4.1
Spellcasting   | |  2.0

Action                   |  1- 3 |  4- 6 |  7- 9 | 10-12 || total
-------------------------+-------+-------+-------+-------++-------
Melee: Unarmed           |    14 |    77 |    97 |    38 ||   226
       Short sword       |   188 |   126 |     6 |       ||   320
       Tailslap          |    13 |     8 |     9 |     2 ||    32
       Headbutt          |     2 |     4 |     7 |     2 ||    15
       Kick              |     2 |     8 |    16 |     5 ||    31
       Punch             |       |     5 |     3 |       ||     8
       Spear             |       |       |    81 |    30 ||   111
       Whip              |       |       |    29 |       ||    29
 Cast: Beastly Appendage |     6 |     5 |    11 |     2 ||    24
       Spider Form       |       |    12 |    14 |     6 ||    32
       Call Imp          |       |       |    21 |       ||    21
       Mephitic Cloud    |       |       |     9 |     9 ||    18
 Abil: Breathe Fire      |       |       |    13 |     5 ||    18
  Use: Potion            |       |     2 |    11 |     5 ||    18
       Scroll            |       |       |    13 |     2 ||    15
 Stab: Sleeping          |       |     2 |     1 |       ||     3
       Distracted        |       |       |     4 |       ||     4
       Confused          |       |       |     3 |     1 ||     4
Armor: Skin              |    89 |    76 |    60 |    21 ||   246
Dodge: Dodged            |   188 |   144 |   166 |    46 ||   544
